AoeStats
← default

Nomad

510364722Analyzed
4v4 RM · 2d ago on Sep 30, 2026· 54m 42s· 8 players
Game mode
Random Map
Map size
231×231
Population
200
Speed
Normal
Resources
Standard
Victory
Conquest
Starting age
Dark Age
Ending age
Imperial Age
RankedLock teamsTeams togetherTeam positionsShared explorationLock speedFull tech treeHidden civsTurbo modeCheats
Victory
Defeat
🇪🇸 Persians · Spain
997
+12
🇷🇺 Lithuanians · Russia
980
+13
🇨🇿 Italians · Czechia
948
+15
🇮🇩 Huns · Indonesia
946
+14
🇹🇷 Celts · Türkiye
938
-14
🇹🇷 Malay · Türkiye
920
-14
🇹🇷 Magyars · Türkiye
909
-13
🇹🇷 Dravidians · Türkiye
893
-13
solerguillem
18:03 Feudal Age
18:57 Double-Bit Axe
20:54 Fishing Lines
24:56 Castle Age
22:50 Stone Mining
23:55 Horse Collar
25:48 Wheelbarrow
26:37 Heavy Plow
30:17 Hand Cart
32:37 Bow Saw
34:17 Gold Mining
35:05 Stone Shaft Mining
35:59 Gold Shaft Mining
39:07 Imperial Age
36:25 Loom
36:25 Town Watch
36:52 Forging
36:42 Scale Mail Armor
36:48 Scale Barding Armor
36:33 Fletching
36:43 Padded Archer Armor
36:57 Kamandaran
39:36 Iron Casting
39:16 Chain Mail Armor
39:22 Chain Barding Armor
41:30 Chemistry
40:26 Murder Holes
40:27 Bodkin Arrow
40:48 Leather Archer Armor
41:16 Elite Skirmisher
43:28 Blast Furnace
42:58 Plate Mail Armor
43:40 Conscription
48:40 Ballistics
48:58 Plate Barding Armor
48:53 Ring Archer Armor
48:36 Citadels
50:12 Town Patrol
50:26 Masonry
50:06 Heated Shot
51:39 Crossbowman
52:24 Thumb Ring
52:12 Guard Tower
52:52 Architecture
52:33 Clinker Construction
52:33 Careening
52:29 Siphons
54:40 Pikeman
55:21 Squires
Chillpia
10:14 Loom
14:09 Feudal Age
15:48 Wheelbarrow
17:02 Scale Mail Armor
18:22 Horse Collar
23:41 Castle Age
22:01 Fletching
25:07 Chain Mail Armor
27:24 Ballistics
29:25 Squires
29:48 Treadmill Crane
33:59 Heavy Plow
35:18 Hand Cart
39:01 Imperial Age
36:19 Town Watch
36:26 Double-Bit Axe
37:05 Murder Holes
37:16 Bodkin Arrow
38:02 Masonry
38:44 Town Patrol
40:45 Conscription
41:04 Hoardings
40:52 Bracer
40:52 Padded Archer Armor
41:55 Chemistry
41:26 Architecture
43:52 Leather Archer Armor
44:08 Elite Genoese Crossbowman
47:28 Ring Archer Armor
55:36 Crop Rotation
Sairax
5:58 Loom
15:23 Feudal Age
16:23 Double-Bit Axe
19:06 Castle Age
18:23 Bloodlines
18:34 Forging
20:53 Husbandry
20:45 Gold Mining
23:22 Bow Saw
23:18 Scale Barding Armor
24:05 Stone Mining
24:56 Horse Collar
26:23 Stone Shaft Mining
26:57 Wheelbarrow
32:13 Fishing Lines
35:18 Imperial Age
34:03 Gillnets
35:14 Hand Cart
34:45 Town Watch
34:22 Light Cavalry
35:28 Cavalier
35:31 Winged Hussar
36:58 Conscription
39:20 Paladin
39:23 Elite Leitis
42:49 Heavy Plow
43:31 Iron Casting
43:16 Chain Barding Armor
49:57 Plate Barding Armor
52:20 Crop Rotation
54:02 Town Patrol
ddmgsxis89228
4:52 Loom
15:22 Feudal Age
19:20 Bloodlines
20:20 Fishing Lines
25:11 Castle Age
26:06 Stone Mining
26:21 Gillnets
27:03 Forging
27:00 Scale Barding Armor
30:27 Thumb Ring
Kamißon
15:29 Feudal Age
15:51 Double-Bit Axe
19:16 Fishing Lines
23:57 Castle Age
22:55 Wheelbarrow
28:10 Crossbowman
28:55 Thumb Ring
29:37 Gillnets
30:47 Hand Cart
30:18 Town Watch
31:10 Bow Saw
32:19 Fletching
32:29 Padded Archer Armor
32:40 Forging
32:48 Gold Mining
32:48 Stone Mining
34:45 Ballistics
34:47 Leather Archer Armor
34:27 Bodkin Arrow
39:52 Imperial Age
38:54 Loom
39:09 Town Patrol
39:23 Arbalester
41:36 Thalassocracy
40:58 Elite Karambit Warrior
44:41 Chemistry
43:47 Siege Engineers
45:37 Bracer
46:07 Ring Archer Armor
46:50 Iron Casting
default
6:44 Loom
14:27 Feudal Age
15:14 Gold Mining
15:11 Double-Bit Axe
23:12 Castle Age
23:20 Pikeman
25:50 Town Watch
27:20 Horse Collar
29:02 Wheelbarrow
28:58 Town Patrol
30:09 Heavy Plow
34:04 Fletching
34:16 Padded Archer Armor
34:40 Ballistics
34:31 Masonry
35:07 Medical Corps
35:32 Bodkin Arrow
41:24 Imperial Age
40:34 Hand Cart
40:55 Murder Holes
44:54 Husbandry
46:51 Conscription
elfce
5:11 Loom
17:52 Feudal Age
19:28 Fishing Lines
19:50 Gold Mining
22:33 Scale Mail Armor
22:26 Stone Mining
24:53 Castle Age
25:58 Gillnets
27:36 Wheelbarrow
30:13 Chain Mail Armor
35:30 Imperial Age
37:40 Imperial Age
35:36 Forging
35:56 Stronghold
39:02 Ballistics
41:19 Chemistry
41:15 Iron Casting
49:05 Pikeman
Wallcanes
11:22 Loom
15:39 Feudal Age
17:05 Double-Bit Axe
20:03 Wheelbarrow
19:38 Gold Mining
19:40 Horse Collar
20:52 Bloodlines
27:30 Castle Age
27:51 Scale Barding Armor
28:44 Bow Saw
29:08 Padded Archer Armor
29:00 Fletching
29:32 Chain Barding Armor
30:18 Thumb Ring
34:54 Ballistics
35:01 Leather Archer Armor
34:42 Bodkin Arrow
36:43 Husbandry
41:34 Imperial Age
39:20 Hand Cart
39:54 Heavy Plow
42:45 Ring Archer Armor
42:16 Bracer
43:34 Cavalier
45:38 Pikeman
46:40 Halberdier
48:27 Scale Mail Armor
49:55 Cavalier
51:22 Chain Mail Armor
Connection lost

Rejoining the realm…

Still unreachable

The connection could not be restored.

Session expired

The server has moved on; the page needs a fresh start.